 Dungeon Crawl Stone Soup version 0.24.0-13-gcf9b319 (webtiles) character file.

Game seed: 1826668415841418971, levelgen mode: deterministic

1747 wrhowe the Slasher (level 8, -1/63 HPs)
             Began as a Demonspawn Abyssal Knight on Jan 15, 2020.
             Was a Priest of Lugonu.
             Slain by an orc warrior
             ... wielding a +0 halberd
              (11 damage)
             ... on level 6 of the Dungeon on Jan 16, 2020.
             The game lasted 00:57:16 (7820 turns).

wrhowe the Slasher (Demonspawn Abyssal Knight)      Turns: 7820, Time: 00:57:17

Health: -1/63      AC: 13    Str: 14    XL:     8   Next: 77%
Magic:  10/10      EV:  5    Int: 14    God:    Lugonu [***...]
Gold:   318        SH:  0    Dex: 13    Spells: 7/7 levels left

rFire    . . .     SeeInvis .   a - +1 falchion
rCold    + . .     Gourm    .   (no shield)
rNeg     . . .     Faith    .   B - +0 plate armour
rPois    .         Spirit   .   (no helmet)
rElec    .         Reflect  .   (no cloak)
rCorr    .         Harm     .   (no gloves)
MR       .....                  (no boots)
Stlth    ..........             (no amulet)
HPRegen  0.20/turn              v - ring of protection from cold
MPRegen  0.12/turn              (no ring)

@: no status effects
A: claws 2, rugged brown scales 1, spiny 1
a: Depart the Abyss, Bend Space, Banish, Renounce Religion


You were on level 6 of the Dungeon.
You worshipped Lugonu.
Lugonu was most pleased with you.
You were not hungry.

You visited 2 branches of the dungeon, and saw 7 of its levels.
You visited the Abyss 1 time.

You collected 348 gold pieces.
You spent 30 gold pieces at shops.

Inventory:

Hand Weapons
 a - a +1 falchion (weapon)
 l - a +1 spear of flaming
 t - a +1 dagger of venom
Missiles
 k - 5 boomerangs (quivered)
 z - 2 javelins
Armour
 b - a +0 leather armour
 g - a +1 chain mail
 h - a +0 scale mail
 o - a +0 ring mail of poison resistance
 B - a +0 plate armour (worn)
Magical Staves
 A - an uncursed staff of death {unknown}
Jewellery
 v - a ring of protection from cold (left claw)
Wands
 n - a wand of flame (5)
Scrolls
 d - a scroll of blinking
 f - 3 scrolls of teleportation
 m - a scroll of amnesia
 p - 5 scrolls of remove curse
 r - a scroll of enchant armour
 u - a scroll of noise
 w - a scroll of magic mapping
 y - 3 scrolls of identify
Potions
 e - a potion of lignification
 i - a potion of curing
 q - a potion of magic
 s - 2 potions of heal wounds
 x - a potion of flight
 C - a potion of brilliance {unknown}
Comestibles
 c - 6 rations


   Skills:
 + Level 5.2 Fighting
 + Level 6.6 Long Blades
 + Level 2.8 Throwing
 + Level 5.7 Armour
 + Level 2.4 Dodging
 + Level 1.5 Stealth
 + Level 2.8 Invocations


You had 7 spell levels left.
You didn't know any spells.
Your spell library was empty.

Dungeon Overview and Level Annotations

Branches:
Dungeon (6/15)             Temple (1/1) D:4

Altars:
Cheibriados
Dithmenos
Elyvilon
Nemelex Xobeh
Uskayaw

Shops:
D:4 ?


Innate Abilities, Weirdness & Mutations

You have very sharp fingernails.
You are partially covered in rugged brown scales. (AC +1, +3% HP)
You are partially covered in sharp spines.


Message History

The orc wizard shouts!
The orc warrior hits you but does no damage.
You hit the orc warrior but do no damage.
The orc warrior is lightly wounded.
You hit the orc warrior.
The orc warrior is moderately wounded.
The orc warrior is struck by your spines.
The orc warrior hits you with a +0 halberd!
The orc wizard gestures wildly while chanting.
The orc wizard seems to speed up.
You hear a shout!
Your plate armour prevents you from hitting the orc warrior.
The orc warrior is moderately wounded.
The orc warrior is struck by your spines.
The orc warrior hits you with a +0 halberd!!
* * * LOW HITPOINT WARNING * * *
You hit the orc warrior but do no damage.
The orc warrior is heavily wounded.
The orc warrior hits you with a +0 halberd!
You die...

..........#####[
.((.####..# #.
.#(.####..#####. #
......(.....##
........o.[# # ##..###
#<# .# ######..# #.# #.##
.......o######.######...#
......(o@)(.).........#
######.#######........#
#..............#####
########.###.#...#.. #.
#.###.#.. #. #.# #.... #.
#.....#.. #. ######.#. #.
#.##


You could see an orc warrior and an orc wizard.

Vanquished Creatures
  Menkaure (D:5)
  A phantom (D:6)
  An ice beast (D:5)
  4 ogres
  A centaur (D:5)
  2 scorpions
  A howler monkey (D:4)
  A crimson imp (D:5)
  A centaur zombie (D:6)
  3 hounds
  3 orc priests
  A centaur skeleton (D:4)
  Ijyb (D:3)
  2 orc wizards
  Natasha (twice) (D:3)
  An iguana (D:4)
  3 worker ants
  A hound zombie (D:6)
  A worker ant zombie (D:5)
  5 gnolls
  7 adders
  11 river rats (D:5)
  An adder skeleton (D:6)
  3 worms
  A dart slug (D:1)
  2 leopard geckos
  7 orcs
  5 ball pythons
  10 bats
  5 giant cockroaches
  10 goblins
  10 hobgoblins
  4 jackals
  12 quokkas
  7 frilled lizards
  9 kobolds
  25 rats
165 creatures vanquished.

Vanquished Creatures (others)
  Natasha (D:3)
  4 plants (D:4)
5 creatures vanquished.

Grand Total: 170 creatures vanquished

Notes
Turn   | Place    | Note
-------+----------+-------------------------------------------
     0 | Abyss:1  | wrhowe the Demonspawn Abyssal Knight began the quest for
                  | the Orb.
     0 | Abyss:1  | Reached XP level 1. HP: 18/18 MP: 2/2
    75 | Abyss:1  | Noticed a ynoxinul
    80 | D:1      | Escaped the Abyss
   270 | D:1      | Reached skill level 1 in Dodging
   305 | D:1      | Reached skill level 2 in Long Blades
   311 | D:1      | Gained mutation: You are partially covered in rugged brown
                  | scales. (AC +1, +3% HP) [demonic ancestry]
   311 | D:1      | Reached XP level 2. HP: 15/24 MP: 4/4
   332 | D:1      | Reached * piety under Lugonu
   804 | D:1      | Reached XP level 3. HP: 29/29 MP: 5/5
  1670 | D:2      | Gained mutation: You have sharp fingernails. [demonic
                  | ancestry]
  1670 | D:2      | Reached XP level 4. HP: 36/36 MP: 6/6
  1682 | D:2      | Reached skill level 3 in Long Blades
  2224 | D:2      | Reached ** piety under Lugonu
  2516 | D:3      | Noticed Natasha
  2531 | D:3      | Killed Natasha
  2531 | D:3      | Gained mutation: You are partially covered in sharp spines.
                  | [demonic ancestry]
  2531 | D:3      | Reached XP level 5. HP: 30/42 MP: 7/7
  2603 | D:3      | Noticed Natasha
  2615 | D:3      | Killed Natasha
  2697 | D:3      | Noticed Ijyb
  2723 | D:3      | Killed Ijyb
  2723 | D:3      | Reached skill level 1 in Stealth
  2950 | D:3      | Noticed Natasha
  2957 | D:3      | Killed Natasha
  3147 | D:3      | Reached skill level 4 in Long Blades
  3147 | D:3      | Reached XP level 6. HP: 29/49 MP: 8/8
  3485 | D:4      | Reached skill level 1 in Throwing
  3821 | D:4      | Reached XP level 7. HP: 37/55 MP: 9/9
  4341 | D:4      | Found Gouhosid's Magic Scroll Shop.
  4344 | D:4      | Bought a scroll of noise for 10 gold pieces
  4344 | D:4      | Bought a scroll of identify for 20 gold pieces
  4460 | D:4      | Found a staircase to the Ecumenical Temple.
  4490 | Temple   | Entered the Ecumenical Temple
  4540 | D:4      | Found a hide-covered altar of Uskayaw.
  4547 | D:4      | Found a sparkling altar of Nemelex Xobeh.
  4552 | D:4      | Found a white marble altar of Elyvilon.
  4640 | D:4      | Reached skill level 5 in Long Blades
  4951 | D:5      | Entered Level 5 of the Dungeon
  4951 | D:5      | Found a shadowy altar of Dithmenos.
  5176 | D:5      | Reached *** piety under Lugonu
  5875 | D:5      | Gained mutation: You have very sharp fingernails. [demonic
                  | ancestry]
  5875 | D:5      | Reached XP level 8. HP: 13/62 MP: 10/10
  6580 | D:5      | Reached skill level 5 in Armour
  6729 | D:6      | Noticed Menkaure
  7001 | D:5      | Reached skill level 5 in Fighting
  7001 | D:5      | Reached skill level 6 in Long Blades
  7122 | D:5      | Killed Menkaure
  7820 | D:6      | Slain by an orc warrior

Levels and vault maps discovered:
D:1:      matt_arrival_grand_opening, layout_loops_ring,
          hangedman_decor_opposing, serial_bayou_pond_b
D:2:      layout_basic
D:3:      layout_loops_ring, first_ration, grunt_decor_arrowhead, uniq_ijyb,
          uniq_natasha
D:4:      wad_woods_tower, layout_basic, minitemple, minmay_temple_entry_ruins,
          serial_shops, kennysheep_mini
D:5:      lemuel_ratsnest, layout_gridville, overflow_temple_1_default,
          grunt_ministairs_13
D:6:      layout_loops_ring, nicolae_gozag_zags_fifth_avenue, serial_shops,
          nicolae_shop_statue_plus, nicolae_elemental_shop, uniq_menkaure
Temple:   dshaligram_water_room_temple

Skill      XL: |  1  2  3  4  5  6  7  8 |
---------------+-------------------------+-----
Dodging        | 1 2 |  2.4
Long Blades    | 2 3 4 5 6 |  6.6
Armour         | 2 3 4 5 |  5.7
Stealth        | 1 |  1.5
Fighting       | 4 5 |  5.2
Throwing       | 1 2 |  2.8
Invocations    | |  2.8

Action                   |  1- 3 |  4- 6 |  7- 9 || total
-------------------------+-------+-------+-------++-------
Melee: Falchion          |   117 |   225 |   184 ||   526
Throw: Dart              |       |    32 |    41 ||    73
Invok: Depart the Abyss  |     1 |       |       ||     1
  Use: Scroll            |     5 |     3 |     4 ||    12
       Potion            |       |     1 |       ||     1
  Eat: Ration            |     1 |     2 |     4 ||     7
       Chunk             |       |       |     1 ||     1
Armor: Leather armour    |    13 |       |       ||    13
       Chain mail        |    45 |   119 |    45 ||   209
       Plate armour      |       |       |    38 ||    38
Dodge: Dodged            |    58 |    67 |    45 ||   170
       Rpst.: Falchion   |    16 |    18 |    13 ||    47
